[ PARTIDA AOE2 · #460164288 ]
UnrankedBengalíes vs Bengalis
[ ANÁLISIS DE REPETICIÓN · EXTRAÍDO DE LA PARTIDA GRABADA ]
Feudal
14:03
Castillos
18:36
Imperial
34:40
| APM promedio | 60.6 |
| APM pico | 95 |
| eAPM promedio | 35.3 |
| Aldeanos / militares | 193 / 225 |
Foco
⚔️ 22.5% · 🌾 77.5%
Battle Elephant ×115 · Ratha (Ranged) ×85 · Trebuchet (Packed) ×17 · Fishing Ship ×8 · Spearman ×3 · Armored Elephant ×3
Feudal
12:58
Castillos
20:02
Imperial
44:04
| APM promedio | 48.7 |
| APM pico | 95 |
| eAPM promedio | 34.1 |
| Aldeanos / militares | 170 / 251 |
Foco
⚔️ 21.9% · 🌾 78.1%
Ratha (Ranged) ×230 · Monk ×14 · Fishing Ship ×7 · Armored Elephant ×3 · Trebuchet (Packed) ×3 · Mangonel ×1
Feudal
17:36
Castillos
31:03
Imperial
42:33
| APM promedio | 59.0 |
| APM pico | 117 |
| eAPM promedio | 22.4 |
| Aldeanos / militares | 182 / 235 |
Foco
⚔️ 33.5% · 🌾 66.5%
Bolas Rider ×214 · Unknown (2550) ×151 · Fishing Ship ×30 · Trade Cog ×27 · Petard ×15 · Skirmisher ×3
Feudal
13:08
Castillos
18:18
Imperial
39:57
| APM promedio | 37.1 |
| APM pico | 63 |
| eAPM promedio | 18.9 |
| Aldeanos / militares | 132 / 211 |
Foco
⚔️ 38.1% · 🌾 61.9%
Scout Cavalry ×71 · Skirmisher ×51 · Camel Archer ×24 · Camel Scout ×23 · Knight ×16 · Fishing Ship ×9
Feudal
13:11
Castillos
19:07
Imperial
41:23
| APM promedio | 37.3 |
| APM pico | 76 |
| eAPM promedio | 19.4 |
| Aldeanos / militares | 190 / 174 |
Foco
⚔️ 28.1% · 🌾 71.9%
Genoese Crossbowman ×143 · Unknown (882) ×19 · Fishing Ship ×13 · Battering Ram ×12 · Trade Cog ×11 · Bombard Cannon ×8
Feudal
13:08
Castillos
17:27
Imperial
40:20
| APM promedio | 42.6 |
| APM pico | 88 |
| eAPM promedio | 24.4 |
| Aldeanos / militares | 238 / 396 |
Foco
⚔️ 36.5% · 🌾 63.5%
Fire Lancer ×155 · Skirmisher ×99 · Spearman ×73 · Rattan Archer ×54 · Trebuchet (Packed) ×8 · Fishing Ship ×7
Feudal
12:49
Castillos
19:46
Imperial
46:07
| APM promedio | 49.8 |
| APM pico | 103 |
| eAPM promedio | 29.4 |
| Aldeanos / militares | 486 / 294 |
Foco
⚔️ 39.6% · 🌾 60.4%
Knight ×143 · Missionary ×67 · Fishing Ship ×33 · Conquistador ×26 · Scorpion ×14 · Monk ×12
Feudal
13:38
Castillos
51:46
Imperial
—
| APM promedio | 28.7 |
| APM pico | 61 |
| eAPM promedio | 15.1 |
| Aldeanos / militares | 99 / 46 |
Foco
⚔️ 28.3% · 🌾 71.7%
Archer ×34 · Fishing Ship ×24 · Fire Galley ×7 · Spearman ×3 · Transport Ship ×2
Mapa de la partida
Recursos iniciales + cada clic de construcción. Líneas = muros · curvas = relieve. ◆ oro · ⬟ piedra · ● bayas · ✦ reliquia · ◌ hueco del cierre
Tu base· Abierta — hueco de 6t
Base de sin· Abierta — hueco de 14t
Base de OM | SISKO PRO· Abierta — flanco sin cerrar
Base de pachecristo· Abierta — hueco de 5t
Base de hurm0k [PT]· Abierta — hueco de 6t
Base de LowEloFY· Abierta — hueco de 13t
Base de Amaru.Pe· Abierta — flanco sin cerrar
Base de xiguagua· ✓ Cerrada en 51:46 · 28t muro · 3 puerta(s) · frágil
Terreno inicial suavizado · ◌ = hueco del cierre detectado · pasá el cursor para detalles
Inputs por minuto
— xXbananamanXx - - sin
Build order — xXbananamanXx
Primeras 150 de 562 acciones detectadas
| 0:07 | Construir | Town Center |
| 0:23 | Construir | House |
| 1:27 | Construir | Dock |
| 2:29 | Crear | Villager (Male) |
| 2:29 | Crear | Villager (Male) |
| 3:21 | Crear | Villager (Male) |
| 3:47 | Crear | Villager (Male) |
| 4:00 | Construir | House |
| 4:12 | Crear | Villager (Male) |
| 4:39 | Investigar | Loom |
| 4:45 | Crear | Fishing Ship |
| 4:47 | Crear | Fishing Ship |
| 5:04 | Crear | Villager (Male) |
| 5:17 | Construir | House |
| 5:34 | Crear | Villager (Male) |
| 5:57 | Crear | Villager (Male) |
| 5:59 | Crear | Fishing Ship |
| 6:19 | Crear | Villager (Male) |
| 6:44 | Construir | House |
| 6:53 | Crear | Villager (Male) |
| 6:55 | Crear | Villager (Male) |
| 7:18 | Crear | Villager (Male) |
| 7:35 | Crear | Villager (Male) |
| 8:01 | Crear | Villager (Male) |
| 8:10 | Crear | Fishing Ship |
| 8:18 | Construir | House |
| 8:32 | Crear | Villager (Male) |
| 8:49 | Crear | Villager (Male) |
| 9:01 | Crear | Villager (Male) |
| 9:17 | Construir | House |
| 9:29 | Crear | Villager (Male) |
| 9:35 | Crear | Fishing Ship |
| 9:45 | Construir | House |
| 9:54 | Crear | Villager (Male) |
| 10:14 | Crear | Villager (Male) |
| 10:21 | Construir | House |
| 10:32 | Construir | Mill |
| 10:53 | Crear | Villager (Male) |
| 10:59 | Crear | Fishing Ship |
| 11:01 | Crear | Fishing Ship |
| 11:43 | Investigar | Feudal Age |
| 11:48 | Construir | Mining Camp |
| 12:01 | Crear | Fishing Ship |
| 12:07 | Construir | House |
| 13:04 | Crear | Villager (Male) |
| 13:33 | Construir | Mining Camp |
| 13:44 | Crear | Villager (Male) |
| 14:03 | Edad | Edad Feudal |
| 14:11 | Construir | House |
| 14:30 | Construir | Market |
| 14:36 | Crear | Villager (Male) |
| 15:14 | Construir | Blacksmith |
| 15:16 | Crear | Villager (Male) |
| 15:43 | Crear | Fire Galley |
| 15:48 | Crear | Villager (Male) |
| 15:56 | Investigar | Castle Age |
| 16:16 | Construir | House |
| 16:22 | Investigar | Padded Archer Armor |
| 16:57 | Construir | Lumber Camp |
| 17:57 | Investigar | Double-Bit Axe |
| 17:58 | Investigar | Double-Bit Axe |
| 17:58 | Crear | Villager (Male) |
| 18:00 | Crear | Villager (Male) |
| 18:05 | Construir | House |
| 18:36 | Edad | Edad de los Castillos |
| 19:04 | Crear | Villager (Male) |
| 19:12 | Construir | Town Center |
| 19:18 | Crear | Villager (Male) |
| 19:43 | Construir | Castle |
| 20:10 | Construir | House |
| 20:12 | Crear | Villager (Male) |
| 20:16 | Investigar | Bow Saw |
| 20:20 | Investigar | Horse Collar |
| 20:20 | Investigar | Horse Collar |
| 20:41 | Crear | Villager (Male) |
| 20:47 | Investigar | Forging |
| 20:53 | Construir | Farm |
| 20:54 | Construir | Farm |
| 20:56 | Construir | Farm |
| 21:00 | Construir | Farm |
| 21:08 | Crear | Ratha (Ranged) |
| 21:09 | Crear | Ratha (Ranged) |
| 21:13 | Construir | Mining Camp |
| 21:16 | Crear | Ratha (Ranged) |
| 21:18 | Crear | Villager (Male) |
| 21:25 | Investigar | Leather Archer Armor |
| 21:33 | Crear | Ratha (Ranged) |
| 21:33 | Crear | Villager (Male) |
| 22:14 | Crear | Ratha (Ranged) |
| 22:19 | Crear | Villager (Male) |
| 22:20 | Crear | Villager (Male) |
| 22:20 | Crear | Villager (Male) |
| 22:21 | Crear | Villager (Male) |
| 22:34 | Construir | Farm |
| 22:35 | Crear | Villager (Male) |
| 22:52 | Crear | Villager (Male) |
| 22:52 | Crear | Villager (Male) |
| 23:03 | Construir | Farm |
| 23:08 | Construir | Farm |
| 23:12 | Construir | Farm |
| 23:13 | Construir | Farm |
| 23:16 | Investigar | Wheelbarrow |
| 23:19 | Crear | Ratha (Ranged) |
| 23:20 | Crear | Ratha (Ranged) |
| 23:20 | Crear | Ratha (Ranged) |
| 23:36 | Construir | Farm |
| 23:37 | Construir | Farm |
| 23:39 | Crear | Villager (Male) |
| 23:59 | Construir | House |
| 24:06 | Crear | Villager (Male) |
| 24:06 | Crear | Villager (Male) |
| 24:17 | Crear | Villager (Male) |
| 24:32 | Crear | Villager (Male) |
| 24:32 | Crear | Villager (Male) |
| 24:48 | Construir | Siege Workshop |
| 24:52 | Crear | Ratha (Ranged) |
| 24:53 | Crear | Ratha (Ranged) |
| 25:05 | Construir | Farm |
| 25:05 | Construir | Farm |
| 25:07 | Construir | Farm |
| 25:08 | Construir | Farm |
| 25:21 | Crear | Ratha (Ranged) |
| 25:21 | Crear | Ratha (Ranged) |
| 25:39 | Crear | Villager (Male) |
| 25:39 | Crear | Villager (Male) |
| 25:52 | Construir | Town Center |
| 26:07 | Crear | Villager (Male) |
| 26:10 | Crear | Ratha (Ranged) |
| 26:37 | Crear | Villager (Male) |
| 26:38 | Crear | Villager (Male) |
| 26:38 | Crear | Villager (Male) |
| 26:42 | Construir | House |
| 26:44 | Crear | Armored Elephant |
| 26:44 | Crear | Armored Elephant |
| 27:00 | Investigar | Fletching |
| 27:01 | Investigar | Fletching |
| 27:03 | Crear | Villager (Male) |
| 27:05 | Crear | Villager (Male) |
| 27:05 | Crear | Villager (Male) |
| 27:05 | Crear | Villager (Male) |
| 27:26 | Crear | Armored Elephant |
| 27:29 | Construir | House |
| 27:30 | Construir | House |
| 27:35 | Construir | Farm |
| 27:37 | Construir | Farm |
| 27:38 | Construir | Farm |
| 27:41 | Construir | Farm |
| 27:42 | Construir | Farm |
| 27:44 | Crear | Villager (Male) |
| 27:44 | Crear | Villager (Male) |
Build order — sin
Primeras 150 de 631 acciones detectadas
| 0:12 | Construir | Town Center |
| 1:10 | Construir | House |
| 1:13 | Construir | Dock |
| 2:36 | Crear | Villager (Male) |
| 2:36 | Crear | Villager (Male) |
| 2:36 | Crear | Villager (Male) |
| 2:36 | Crear | Villager (Male) |
| 2:37 | Crear | Villager (Male) |
| 2:37 | Crear | Villager (Male) |
| 3:35 | Crear | Fishing Ship |
| 3:35 | Crear | Fishing Ship |
| 4:18 | Crear | Villager (Male) |
| 4:18 | Crear | Villager (Male) |
| 4:36 | Construir | House |
| 4:42 | Crear | Villager (Male) |
| 5:00 | Investigar | Loom |
| 5:14 | Crear | Villager (Male) |
| 5:36 | Crear | Fishing Ship |
| 5:42 | Crear | Villager (Male) |
| 6:14 | Crear | Villager (Male) |
| 6:16 | Construir | House |
| 6:53 | Crear | Villager (Male) |
| 6:54 | Crear | Villager (Male) |
| 6:55 | Crear | Fishing Ship |
| 7:13 | Crear | Villager (Male) |
| 7:36 | Crear | Villager (Male) |
| 7:39 | Crear | Fishing Ship |
| 7:41 | Construir | House |
| 7:54 | Crear | Villager (Male) |
| 8:38 | Crear | Villager (Male) |
| 8:38 | Crear | Villager (Male) |
| 8:43 | Construir | Mill |
| 9:04 | Crear | Fishing Ship |
| 9:19 | Crear | Villager (Male) |
| 9:25 | Construir | House |
| 9:39 | Construir | House |
| 9:49 | Crear | Villager (Male) |
| 9:59 | Crear | Villager (Male) |
| 10:18 | Construir | House |
| 10:48 | Investigar | Feudal Age |
| 10:48 | Investigar | Feudal Age |
| 10:51 | Construir | House |
| 10:57 | Crear | Fishing Ship |
| 12:30 | Construir | Mining Camp |
| 12:58 | Edad | Edad Feudal |
| 13:01 | Construir | Lumber Camp |
| 13:07 | Construir | Blacksmith |
| 13:12 | Crear | Villager (Male) |
| 13:16 | Crear | Villager (Male) |
| 13:37 | Construir | Farm |
| 13:39 | Construir | Farm |
| 13:45 | Construir | Farm |
| 13:56 | Construir | Farm |
| 14:00 | Crear | Villager (Male) |
| 14:20 | Crear | Villager (Male) |
| 14:23 | Construir | House |
| 14:24 | Construir | House |
| 14:30 | Construir | Farm |
| 14:34 | Construir | Farm |
| 14:38 | Construir | Farm |
| 14:51 | Crear | Villager (Male) |
| 14:57 | Construir | Farm |
| 15:00 | Construir | House |
| 15:12 | Crear | Villager (Male) |
| 15:17 | Construir | Mill |
| 15:22 | Crear | Villager (Male) |
| 15:55 | Crear | Villager (Male) |
| 16:07 | Construir | House |
| 16:10 | Crear | Villager (Male) |
| 16:18 | Construir | Market |
| 16:26 | Construir | Farm |
| 16:35 | Crear | Villager (Male) |
| 17:15 | Construir | House |
| 17:22 | Investigar | Castle Age |
| 17:22 | Investigar | Castle Age |
| 17:31 | Construir | Mining Camp |
| 17:34 | Investigar | Stone Mining |
| 18:20 | Investigar | Double-Bit Axe |
| 18:22 | Investigar | Horse Collar |
| 18:54 | Investigar | Gold Mining |
| 19:18 | Construir | Palisade Wall |
| 19:28 | Construir | Palisade Wall |
| 19:46 | Construir | House |
| 19:49 | Construir | House |
| 19:56 | Construir | House |
| 20:01 | Construir | House |
| 20:02 | Edad | Edad de los Castillos |
| 20:03 | Construir | House |
| 20:14 | Construir | House |
| 20:16 | Construir | House |
| 20:19 | Construir | House |
| 20:22 | Construir | House |
| 20:25 | Construir | House |
| 20:26 | Construir | House |
| 20:38 | Construir | House |
| 20:41 | Construir | House |
| 20:42 | Crear | Villager (Male) |
| 20:43 | Crear | Villager (Male) |
| 21:01 | Investigar | Bow Saw |
| 21:16 | Construir | Castle |
| 21:21 | Crear | Villager (Male) |
| 21:30 | Construir | Barracks |
| 21:51 | Crear | Villager (Male) |
| 22:33 | Construir | Town Center |
| 22:46 | Crear | Ratha (Ranged) |
| 22:46 | Crear | Ratha (Ranged) |
| 22:47 | Crear | Ratha (Ranged) |
| 22:49 | Crear | Villager (Male) |
| 22:49 | Crear | Villager (Male) |
| 23:22 | Investigar | Padded Archer Armor |
| 23:32 | Crear | Ratha (Ranged) |
| 23:51 | Construir | Siege Workshop |
| 23:56 | Crear | Ratha (Ranged) |
| 24:11 | Crear | Villager (Male) |
| 24:11 | Crear | Villager (Male) |
| 24:14 | Construir | Farm |
| 24:15 | Construir | Farm |
| 24:17 | Construir | Farm |
| 24:17 | Construir | Farm |
| 24:22 | Crear | Ratha (Ranged) |
| 24:27 | Crear | Villager (Male) |
| 24:31 | Crear | Ratha (Ranged) |
| 24:49 | Crear | Mangonel |
| 25:08 | Crear | Villager (Male) |
| 25:10 | Crear | Villager (Male) |
| 25:25 | Construir | Mill |
| 25:32 | Crear | Villager (Male) |
| 25:34 | Crear | Villager (Male) |
| 25:48 | Construir | Town Center |
| 25:55 | Crear | Villager (Male) |
| 26:13 | Crear | Villager (Male) |
| 26:26 | Crear | Villager (Male) |
| 26:30 | Construir | Farm |
| 26:31 | Construir | Farm |
| 26:37 | Crear | Villager (Male) |
| 26:41 | Construir | Farm |
| 26:43 | Construir | Farm |
| 27:04 | Crear | Ratha (Ranged) |
| 27:06 | Crear | Villager (Male) |
| 27:06 | Crear | Villager (Male) |
| 27:26 | Crear | Villager (Male) |
| 27:28 | Crear | Villager (Male) |
| 27:36 | Crear | Villager (Male) |
| 27:41 | Construir | Farm |
| 27:42 | Construir | Farm |
| 27:57 | Crear | Villager (Male) |
| 27:57 | Crear | Villager (Male) |
| 28:01 | Crear | Villager (Male) |
| 28:02 | Crear | Villager (Male) |
| 28:13 | Construir | Farm |
Build order — OM | SISKO PRO
Primeras 150 de 612 acciones detectadas
| 0:05 | Construir | Town Center |
| 1:07 | Construir | Dock |
| 1:09 | Construir | House |
| 2:34 | Crear | Villager (Male) |
| 2:35 | Crear | Villager (Male) |
| 2:35 | Crear | Villager (Male) |
| 2:35 | Crear | Villager (Male) |
| 4:03 | Construir | House |
| 4:10 | Investigar | Loom |
| 4:42 | Crear | Villager (Male) |
| 4:59 | Crear | Fishing Ship |
| 5:05 | Crear | Villager (Male) |
| 5:05 | Crear | Villager (Male) |
| 5:27 | Construir | House |
| 5:30 | Crear | Villager (Male) |
| 5:31 | Crear | Villager (Male) |
| 5:57 | Crear | Villager (Male) |
| 6:08 | Crear | Fishing Ship |
| 6:31 | Crear | Villager (Male) |
| 6:31 | Crear | Villager (Male) |
| 6:50 | Crear | Villager (Male) |
| 6:54 | Crear | Fishing Ship |
| 7:18 | Construir | House |
| 7:24 | Crear | Villager (Male) |
| 7:47 | Crear | Villager (Male) |
| 8:02 | Construir | Barracks |
| 8:16 | Crear | Villager (Male) |
| 8:24 | Crear | Villager (Male) |
| 8:25 | Crear | Villager (Male) |
| 8:27 | Crear | Fishing Ship |
| 8:48 | Construir | House |
| 8:51 | Construir | House |
| 8:52 | Construir | Palisade Wall |
| 8:55 | Crear | Unit 2550 |
| 9:13 | Crear | Unit 2550 |
| 9:13 | Crear | Villager (Male) |
| 9:40 | Crear | Villager (Male) |
| 9:41 | Crear | Villager (Male) |
| 9:47 | Crear | Fishing Ship |
| 10:07 | Construir | House |
| 10:20 | Crear | Villager (Male) |
| 10:20 | Crear | Villager (Male) |
| 10:28 | Construir | Settlement |
| 10:51 | Construir | Palisade Gate |
| 11:09 | Crear | Villager (Male) |
| 11:12 | Crear | Fishing Ship |
| 11:18 | Crear | Unit 2550 |
| 11:18 | Crear | Unit 2550 |
| 11:38 | Crear | Villager (Male) |
| 11:38 | Crear | Villager (Male) |
| 11:43 | Construir | House |
| 11:45 | Construir | House |
| 11:50 | Crear | Unit 2550 |
| 11:59 | Crear | Fishing Ship |
| 12:08 | Crear | Unit 2550 |
| 12:18 | Crear | Villager (Male) |
| 12:19 | Crear | Unit 2550 |
| 12:31 | Crear | Villager (Male) |
| 12:37 | Crear | Fishing Ship |
| 12:43 | Construir | House |
| 12:44 | Construir | House |
| 13:16 | Crear | Villager (Male) |
| 13:18 | Construir | House |
| 13:19 | Crear | Fishing Ship |
| 13:24 | Crear | Unit 2550 |
| 13:24 | Crear | Unit 2550 |
| 13:46 | Crear | Villager (Male) |
| 13:46 | Crear | Villager (Male) |
| 13:49 | Construir | House |
| 13:50 | Construir | House |
| 14:17 | Crear | Unit 2550 |
| 14:24 | Crear | Villager (Male) |
| 14:30 | Construir | Dock |
| 14:57 | Construir | House |
| 15:00 | Crear | Villager (Male) |
| 15:02 | Crear | Fishing Ship |
| 15:19 | Investigar | Feudal Age |
| 15:29 | Construir | House |
| 15:33 | Construir | House |
| 15:50 | Construir | Dock |
| 15:55 | Crear | Villager (Male) |
| 16:08 | Crear | Villager (Male) |
| 16:16 | Construir | Barracks |
| 16:29 | Crear | Fishing Ship |
| 16:29 | Crear | Fishing Ship |
| 16:53 | Crear | Villager (Male) |
| 16:56 | Construir | House |
| 16:57 | Construir | House |
| 16:59 | Crear | Unit 2550 |
| 16:59 | Crear | Unit 2550 |
| 17:06 | Crear | Villager (Male) |
| 17:25 | Crear | Unit 2550 |
| 17:27 | Crear | Unit 2550 |
| 17:36 | Edad | Edad Feudal |
| 17:46 | Construir | Watch Tower |
| 17:50 | Investigar | Arson |
| 17:51 | Investigar | Tech 1402 |
| 17:51 | Investigar | Tech 1402 |
| 17:55 | Crear | Villager (Male) |
| 18:01 | Crear | Fishing Ship |
| 18:01 | Crear | Fishing Ship |
| 18:02 | Crear | Fishing Ship |
| 18:02 | Crear | Fishing Ship |
| 18:04 | Construir | House |
| 18:05 | Construir | House |
| 18:05 | Construir | House |
| 18:06 | Construir | House |
| 18:06 | Construir | House |
| 18:06 | Construir | House |
| 18:19 | Crear | Unit 2550 |
| 18:20 | Crear | Unit 2550 |
| 18:20 | Crear | Unit 2550 |
| 18:27 | Construir | House |
| 18:38 | Crear | Unit 2550 |
| 18:38 | Crear | Unit 2550 |
| 18:39 | Crear | Unit 2550 |
| 18:49 | Crear | Fishing Ship |
| 18:49 | Crear | Fishing Ship |
| 18:54 | Construir | House |
| 19:17 | Construir | Settlement |
| 19:25 | Crear | Unit 2550 |
| 19:25 | Crear | Unit 2550 |
| 19:25 | Crear | Unit 2550 |
| 20:03 | Crear | Villager (Male) |
| 20:04 | Crear | Villager (Male) |
| 20:07 | Construir | Blacksmith |
| 20:43 | Crear | Villager (Male) |
| 21:04 | Construir | Dock |
| 21:10 | Crear | Villager (Male) |
| 21:23 | Construir | Fish Trap |
| 21:24 | Construir | Fish Trap |
| 21:28 | Construir | Fish Trap |
| 21:29 | Construir | Fish Trap |
| 21:38 | Crear | Villager (Male) |
| 21:46 | Construir | Market |
| 21:56 | Construir | House |
| 21:58 | Construir | House |
| 22:00 | Construir | Stone Wall |
| 22:14 | Crear | Unit 2550 |
| 22:14 | Crear | Unit 2550 |
| 22:14 | Crear | Unit 2550 |
| 22:14 | Crear | Unit 2550 |
| 22:15 | Crear | Unit 2550 |
| 22:16 | Crear | Villager (Male) |
| 22:16 | Crear | Villager (Male) |
| 22:17 | Crear | Villager (Male) |
| 22:24 | Crear | Villager (Male) |
| 22:44 | Crear | Villager (Male) |
| 22:46 | Crear | Villager (Male) |
| 22:52 | Construir | Fish Trap |
Build order — pachecristo
Primeras 150 de 482 acciones detectadas
| 0:10 | Construir | Town Center |
| 2:26 | Crear | Villager (Male) |
| 2:27 | Crear | Villager (Male) |
| 2:27 | Crear | Villager (Male) |
| 2:29 | Construir | House |
| 2:51 | Crear | Villager (Male) |
| 3:28 | Construir | Dock |
| 4:29 | Crear | Fishing Ship |
| 4:32 | Construir | House |
| 4:36 | Investigar | Loom |
| 4:36 | Investigar | Loom |
| 4:57 | Crear | Villager (Male) |
| 4:58 | Crear | Villager (Male) |
| 5:01 | Crear | Fishing Ship |
| 5:26 | Crear | Villager (Male) |
| 5:36 | Construir | House |
| 6:08 | Crear | Villager (Male) |
| 6:21 | Crear | Villager (Male) |
| 6:41 | Crear | Villager (Male) |
| 6:55 | Crear | Fishing Ship |
| 7:14 | Crear | Villager (Male) |
| 7:40 | Construir | Outpost |
| 8:00 | Crear | Villager (Male) |
| 8:01 | Crear | Fishing Ship |
| 8:15 | Crear | Villager (Male) |
| 8:32 | Construir | House |
| 8:41 | Crear | Villager (Male) |
| 8:43 | Construir | Lumber Camp |
| 9:16 | Crear | Villager (Male) |
| 9:26 | Crear | Villager (Male) |
| 9:44 | Crear | Villager (Male) |
| 9:45 | Crear | Villager (Male) |
| 10:51 | Construir | Mining Camp |
| 10:58 | Investigar | Feudal Age |
| 11:13 | Construir | Mining Camp |
| 12:21 | Construir | Dock |
| 12:31 | Crear | Fishing Ship |
| 13:08 | Edad | Edad Feudal |
| 13:10 | Crear | Villager (Male) |
| 13:13 | Construir | House |
| 13:15 | Investigar | Town Watch |
| 13:24 | Crear | Villager (Male) |
| 13:29 | Construir | Mill |
| 13:40 | Crear | Fishing Ship |
| 13:49 | Construir | House |
| 13:59 | Crear | Villager (Male) |
| 14:02 | Construir | Blacksmith |
| 14:20 | Crear | Villager (Male) |
| 14:24 | Construir | Market |
| 15:07 | Crear | Villager (Male) |
| 15:38 | Investigar | Castle Age |
| 15:58 | Construir | Mining Camp |
| 16:27 | Construir | Barracks |
| 16:34 | Construir | Dock |
| 16:45 | Investigar | Double-Bit Axe |
| 16:45 | Investigar | Double-Bit Axe |
| 17:06 | Crear | Demolition Raft |
| 17:11 | Crear | Demolition Raft |
| 17:25 | Construir | Stable |
| 17:36 | Construir | House |
| 17:42 | Crear | Fishing Ship |
| 18:15 | Crear | Demolition Raft |
| 18:18 | Edad | Edad de los Castillos |
| 18:44 | Crear | Galley |
| 18:47 | Crear | Fire Galley |
| 18:57 | Crear | Knight |
| 19:01 | Crear | Villager (Male) |
| 19:13 | Crear | Villager (Male) |
| 19:16 | Investigar | Gold Mining |
| 19:18 | Crear | Knight |
| 19:26 | Construir | Town Center |
| 19:53 | Crear | Fishing Ship |
| 19:59 | Crear | Knight |
| 20:01 | Crear | Villager (Male) |
| 20:06 | Investigar | Forging |
| 20:32 | Investigar | Bloodlines |
| 20:45 | Crear | Knight |
| 20:47 | Investigar | Husbandry |
| 21:17 | Investigar | Scale Barding Armor |
| 21:31 | Construir | Town Center |
| 22:08 | Crear | Knight |
| 22:08 | Crear | Knight |
| 22:17 | Construir | Farm |
| 22:17 | Construir | Farm |
| 22:23 | Crear | Villager (Male) |
| 22:37 | Crear | Villager (Male) |
| 22:45 | Construir | Lumber Camp |
| 22:46 | Construir | Farm |
| 22:47 | Construir | Farm |
| 22:47 | Construir | Farm |
| 22:47 | Construir | Farm |
| 23:01 | Crear | Villager (Male) |
| 23:04 | Construir | House |
| 23:16 | Crear | Knight |
| 23:46 | Crear | Knight |
| 24:15 | Crear | Fishing Ship |
| 24:30 | Investigar | Chain Barding Armor |
| 24:45 | Crear | Villager (Male) |
| 24:46 | Crear | Villager (Male) |
| 24:47 | Construir | House |
| 24:48 | Construir | House |
| 25:14 | Crear | Fire Galley |
| 25:21 | Crear | Knight |
| 25:23 | Crear | Villager (Male) |
| 25:24 | Crear | Villager (Male) |
| 25:25 | Construir | Farm |
| 25:43 | Crear | Villager (Male) |
| 25:43 | Crear | Villager (Male) |
| 25:43 | Crear | Villager (Male) |
| 25:46 | Construir | Siege Workshop |
| 26:38 | Crear | Fire Galley |
| 26:49 | Crear | Battering Ram |
| 26:52 | Construir | House |
| 27:08 | Investigar | Iron Casting |
| 27:16 | Crear | Villager (Male) |
| 27:33 | Crear | Knight |
| 27:33 | Crear | Knight |
| 27:36 | Crear | Battering Ram |
| 27:48 | Crear | Fire Galley |
| 27:53 | Construir | Palisade Wall |
| 27:55 | Construir | Palisade Wall |
| 27:58 | Construir | Stable |
| 27:59 | Construir | Palisade Wall |
| 28:22 | Construir | Archery Range |
| 28:22 | Construir | Archery Range |
| 28:38 | Crear | Battering Ram |
| 28:49 | Crear | Villager (Male) |
| 28:57 | Construir | Castle |
| 29:00 | Crear | Villager (Male) |
| 29:18 | Crear | Scout Cavalry |
| 29:19 | Crear | Scout Cavalry |
| 30:13 | Crear | Scout Cavalry |
| 30:18 | Construir | Watch Tower |
| 30:18 | Crear | Battering Ram |
| 30:31 | Construir | Mining Camp |
| 30:33 | Crear | Villager (Male) |
| 30:57 | Crear | Knight |
| 30:57 | Crear | Knight |
| 31:38 | Construir | Lumber Camp |
| 31:47 | Crear | Scout Cavalry |
| 31:52 | Crear | Knight |
| 32:04 | Construir | Palisade Wall |
| 32:06 | Construir | Palisade Wall |
| 32:13 | Crear | Knight |
| 32:16 | Crear | Villager (Male) |
| 32:16 | Crear | Villager (Male) |
| 32:16 | Crear | Villager (Male) |
| 32:19 | Construir | Farm |
| 32:20 | Construir | Farm |
| 32:34 | Crear | Battering Ram |
Build order — hurm0k [PT]
Primeras 150 de 448 acciones detectadas
| 0:24 | Construir | Town Center |
| 2:53 | Crear | Villager (Male) |
| 2:53 | Crear | Villager (Male) |
| 2:53 | Crear | Villager (Male) |
| 2:53 | Crear | Villager (Male) |
| 2:54 | Crear | Villager (Male) |
| 2:54 | Crear | Villager (Male) |
| 3:03 | Construir | House |
| 3:43 | Construir | Dock |
| 4:24 | Crear | Villager (Male) |
| 4:24 | Crear | Villager (Male) |
| 4:51 | Crear | Fishing Ship |
| 4:51 | Crear | Fishing Ship |
| 4:59 | Investigar | Loom |
| 5:07 | Crear | Villager (Male) |
| 5:07 | Crear | Villager (Male) |
| 5:13 | Construir | House |
| 6:03 | Crear | Villager (Male) |
| 6:03 | Crear | Villager (Male) |
| 6:12 | Crear | Fishing Ship |
| 6:12 | Crear | Fishing Ship |
| 6:31 | Crear | Villager (Male) |
| 6:31 | Crear | Villager (Male) |
| 6:49 | Crear | Villager (Male) |
| 6:50 | Crear | Villager (Male) |
| 6:55 | Crear | Fishing Ship |
| 6:55 | Crear | Fishing Ship |
| 6:58 | Construir | House |
| 7:21 | Crear | Villager (Male) |
| 7:21 | Crear | Villager (Male) |
| 7:27 | Crear | Fishing Ship |
| 7:46 | Crear | Villager (Male) |
| 7:46 | Crear | Villager (Male) |
| 7:56 | Crear | Fishing Ship |
| 8:01 | Construir | House |
| 8:21 | Crear | Villager (Male) |
| 8:22 | Crear | Villager (Male) |
| 8:53 | Crear | Villager (Male) |
| 8:55 | Crear | Fishing Ship |
| 9:13 | Crear | Villager (Male) |
| 9:21 | Crear | Fishing Ship |
| 9:41 | Crear | Villager (Male) |
| 9:44 | Construir | House |
| 10:11 | Crear | Villager (Male) |
| 10:23 | Construir | Mining Camp |
| 10:39 | Crear | Fishing Ship |
| 11:01 | Investigar | Feudal Age |
| 11:01 | Investigar | Feudal Age |
| 11:01 | Investigar | Feudal Age |
| 11:17 | Crear | Fishing Ship |
| 11:40 | Crear | Fishing Ship |
| 11:52 | Construir | Mill |
| 13:11 | Edad | Edad Feudal |
| 13:15 | Crear | Unit 2626 |
| 13:20 | Construir | House |
| 13:26 | Crear | Villager (Male) |
| 13:27 | Crear | Villager (Male) |
| 13:35 | Construir | House |
| 13:51 | Construir | Blacksmith |
| 14:16 | Crear | Villager (Male) ×5 |
| 14:45 | Crear | Demolition Raft |
| 14:47 | Investigar | Tech 906 |
| 15:07 | Construir | Lumber Camp |
| 15:30 | Investigar | Double-Bit Axe |
| 15:59 | Construir | Market |
| 16:13 | Construir | Mining Camp |
| 16:24 | Investigar | Castle Age |
| 16:25 | Investigar | Castle Age |
| 16:41 | Construir | Palisade Wall |
| 16:48 | Construir | Gate |
| 17:00 | Investigar | Stone Mining |
| 17:07 | Construir | House |
| 18:03 | Construir | Dock |
| 19:07 | Edad | Edad de los Castillos |
| 19:14 | Construir | Castle |
| 19:25 | Crear | Villager (Male) |
| 19:25 | Crear | Villager (Male) |
| 19:25 | Crear | Villager (Male) |
| 19:33 | Investigar | Fletching |
| 19:39 | Construir | Town Center |
| 20:25 | Construir | Castle |
| 20:47 | Construir | Castle |
| 21:07 | Crear | Villager (Male) |
| 21:07 | Crear | Villager (Male) |
| 21:07 | Crear | Villager (Male) |
| 21:08 | Crear | Villager (Male) |
| 21:08 | Crear | Villager (Male) |
| 21:08 | Crear | Villager (Male) |
| 21:08 | Crear | Villager (Male) |
| 21:08 | Crear | Villager (Male) |
| 21:13 | Investigar | Gold Mining |
| 21:23 | Investigar | Gillnets |
| 21:31 | Construir | Lumber Camp |
| 21:47 | Crear | Genoese Crossbowman |
| 21:47 | Crear | Genoese Crossbowman |
| 21:48 | Crear | Genoese Crossbowman |
| 21:48 | Crear | Genoese Crossbowman |
| 21:53 | Crear | Villager (Male) |
| 21:53 | Crear | Villager (Male) |
| 22:18 | Construir | Mining Camp |
| 22:23 | Crear | Genoese Crossbowman |
| 22:23 | Crear | Genoese Crossbowman |
| 22:43 | Construir | House |
| 23:00 | Crear | Villager (Male) |
| 23:00 | Crear | Villager (Male) |
| 23:12 | Crear | Genoese Crossbowman |
| 23:12 | Crear | Genoese Crossbowman |
| 23:16 | Construir | Siege Workshop |
| 23:32 | Investigar | Padded Archer Armor |
| 23:55 | Investigar | Wheelbarrow |
| 23:56 | Crear | Villager (Male) |
| 23:57 | Crear | Villager (Male) |
| 24:01 | Crear | Battering Ram |
| 24:01 | Crear | Battering Ram |
| 24:05 | Crear | Villager (Male) |
| 24:05 | Crear | Villager (Male) |
| 24:31 | Crear | Battering Ram |
| 24:31 | Crear | Battering Ram |
| 24:39 | Crear | Genoese Crossbowman |
| 24:40 | Crear | Genoese Crossbowman |
| 24:53 | Construir | Stone Wall |
| 25:03 | Crear | Genoese Crossbowman |
| 25:03 | Crear | Genoese Crossbowman |
| 25:21 | Crear | Villager (Male) |
| 25:21 | Crear | Villager (Male) |
| 25:22 | Crear | Villager (Male) |
| 25:22 | Crear | Villager (Male) |
| 25:28 | Construir | Stone Wall |
| 25:39 | Crear | Battering Ram |
| 26:02 | Construir | Castle |
| 26:31 | Crear | Villager (Male) |
| 26:32 | Crear | Villager (Male) |
| 26:52 | Crear | Battering Ram |
| 26:53 | Crear | Battering Ram |
| 27:08 | Construir | Outpost |
| 27:12 | Construir | Stone Wall |
| 27:16 | Construir | Stone Wall |
| 27:19 | Crear | Villager (Male) ×5 |
| 27:19 | Crear | Villager (Male) ×5 |
| 27:40 | Construir | Stone Wall |
| 27:50 | Crear | Genoese Crossbowman |
| 27:50 | Crear | Genoese Crossbowman |
| 27:51 | Crear | Genoese Crossbowman |
| 27:51 | Crear | Genoese Crossbowman |
| 27:51 | Crear | Genoese Crossbowman |
| 27:54 | Crear | Battering Ram |
| 27:54 | Crear | Battering Ram |
| 28:26 | Construir | Outpost |
| 29:09 | Crear | Mangonel |
| 29:19 | Crear | Villager (Male) |
Build order — LowEloFY
Primeras 150 de 604 acciones detectadas
| 0:13 | Construir | Town Center |
| 1:47 | Construir | Dock |
| 1:50 | Construir | House |
| 2:35 | Crear | Villager (Male) |
| 2:36 | Crear | Villager (Male) |
| 2:48 | Crear | Villager (Male) |
| 2:54 | Crear | Villager (Male) |
| 4:11 | Construir | House |
| 4:20 | Crear | Fishing Ship |
| 4:22 | Investigar | Loom |
| 4:47 | Crear | Villager (Male) |
| 4:50 | Construir | House |
| 5:13 | Crear | Villager (Male) |
| 5:35 | Crear | Villager (Male) |
| 5:46 | Construir | House |
| 6:14 | Crear | Villager (Male) |
| 6:16 | Crear | Fishing Ship |
| 6:32 | Crear | Villager (Male) |
| 6:55 | Crear | Villager (Male) |
| 6:57 | Crear | Fishing Ship |
| 7:07 | Construir | House |
| 7:33 | Crear | Villager (Male) |
| 7:41 | Crear | Fishing Ship |
| 7:44 | Crear | Villager (Male) |
| 8:05 | Crear | Fishing Ship |
| 8:07 | Crear | Villager (Male) |
| 8:41 | Construir | House |
| 8:47 | Crear | Villager (Male) |
| 8:48 | Crear | Villager (Male) |
| 9:14 | Crear | Fishing Ship |
| 9:28 | Crear | Fishing Ship |
| 9:43 | Crear | Villager (Male) |
| 10:00 | Crear | Villager (Male) |
| 10:08 | Construir | Mining Camp |
| 10:23 | Crear | Villager (Male) |
| 10:48 | Investigar | Feudal Age |
| 11:30 | Construir | Mill |
| 13:08 | Edad | Edad Feudal |
| 13:10 | Construir | Market |
| 13:14 | Construir | Blacksmith |
| 13:21 | Construir | Blacksmith |
| 13:27 | Crear | Villager (Male) |
| 13:28 | Crear | Villager (Male) |
| 13:39 | Construir | Palisade Wall |
| 14:16 | Crear | Villager (Male) |
| 14:47 | Investigar | Castle Age |
| 15:05 | Construir | Mining Camp |
| 15:11 | Crear | Villager (Male) |
| 15:36 | Construir | House |
| 15:40 | Construir | Palisade Wall |
| 15:43 | Construir | House |
| 15:47 | Construir | Palisade Wall |
| 15:52 | Construir | Palisade Wall |
| 15:58 | Construir | Palisade Wall |
| 16:08 | Crear | Villager (Male) |
| 16:13 | Construir | House |
| 16:14 | Construir | House |
| 17:27 | Edad | Edad de los Castillos |
| 17:36 | Construir | Castle |
| 17:41 | Crear | Villager (Male) |
| 17:41 | Crear | Villager (Male) |
| 17:45 | Construir | Castle |
| 17:52 | Construir | Castle |
| 17:57 | Crear | Villager (Male) |
| 17:58 | Crear | Villager (Male) |
| 18:12 | Construir | Palisade Gate |
| 18:38 | Crear | Villager (Male) |
| 19:11 | Crear | Rattan Archer |
| 19:11 | Crear | Rattan Archer |
| 19:12 | Crear | Villager (Male) |
| 19:20 | Construir | Mill |
| 19:22 | Crear | Villager (Male) |
| 19:52 | Crear | Villager (Male) |
| 20:09 | Construir | Town Center |
| 20:13 | Crear | Villager (Male) |
| 20:14 | Crear | Villager (Male) |
| 20:26 | Crear | Villager (Male) |
| 20:42 | Crear | Villager (Male) |
| 21:06 | Construir | Town Center |
| 21:07 | Crear | Villager (Male) |
| 21:15 | Crear | Rattan Archer |
| 21:16 | Crear | Rattan Archer |
| 21:28 | Crear | Villager (Male) |
| 21:40 | Crear | Villager (Male) |
| 21:41 | Crear | Villager (Male) |
| 21:54 | Crear | Villager (Male) |
| 22:04 | Investigar | Fletching |
| 22:06 | Crear | Villager (Male) |
| 22:06 | Crear | Villager (Male) |
| 22:07 | Crear | Villager (Male) |
| 22:07 | Crear | Villager (Male) |
| 22:23 | Crear | Rattan Archer |
| 22:24 | Crear | Rattan Archer |
| 22:32 | Crear | Villager (Male) |
| 22:32 | Crear | Villager (Male) |
| 22:57 | Crear | Rattan Archer |
| 22:58 | Crear | Rattan Archer |
| 22:59 | Crear | Villager (Male) |
| 23:01 | Crear | Villager (Male) |
| 23:02 | Crear | Villager (Male) |
| 23:10 | Crear | Unit 2626 |
| 23:11 | Crear | Villager (Male) |
| 23:15 | Crear | Villager (Male) |
| 23:39 | Construir | Siege Workshop |
| 23:55 | Crear | Villager (Male) |
| 24:16 | Crear | Villager (Male) |
| 24:31 | Crear | Mangonel |
| 24:50 | Crear | Rattan Archer |
| 24:50 | Crear | Rattan Archer |
| 25:08 | Crear | Mangonel |
| 25:19 | Crear | Villager (Male) |
| 25:20 | Crear | Villager (Male) |
| 25:26 | Construir | Farm |
| 25:27 | Construir | Farm |
| 25:28 | Construir | Farm |
| 25:30 | Construir | Farm |
| 25:33 | Construir | Farm |
| 25:34 | Construir | Farm |
| 25:35 | Crear | Villager (Male) |
| 25:40 | Construir | Lumber Camp |
| 25:58 | Crear | Mangonel |
| 26:14 | Crear | Villager (Male) |
| 26:21 | Construir | Farm |
| 26:22 | Construir | Farm |
| 26:23 | Construir | Farm |
| 26:39 | Crear | Villager (Male) |
| 26:41 | Crear | Rattan Archer |
| 26:42 | Crear | Rattan Archer |
| 26:55 | Construir | Farm |
| 26:55 | Construir | Farm |
| 27:01 | Crear | Rattan Archer |
| 27:23 | Crear | Villager (Male) |
| 27:24 | Crear | Villager (Male) |
| 27:28 | Crear | Villager (Male) |
| 27:35 | Construir | Stone Wall |
| 27:48 | Crear | Villager (Male) |
| 27:51 | Construir | Farm |
| 27:52 | Construir | Farm |
| 27:52 | Construir | Farm |
| 27:52 | Construir | Farm |
| 27:52 | Construir | Farm |
| 27:53 | Construir | Farm |
| 27:54 | Crear | Villager (Male) |
| 27:55 | Crear | Villager (Male) |
| 28:21 | Crear | Villager (Male) |
| 28:21 | Crear | Villager (Male) |
| 28:26 | Crear | Mangonel |
| 28:46 | Crear | Villager (Male) |
| 28:49 | Construir | Farm |
| 28:55 | Crear | Rattan Archer |
Build order — Amaru.Pe
Primeras 150 de 726 acciones detectadas
| 0:14 | Construir | Town Center |
| 0:24 | Construir | House |
| 0:53 | Construir | Dock |
| 2:34 | Crear | Villager (Male) ×4 |
| 2:34 | Crear | Villager (Male) ×4 |
| 2:34 | Crear | Villager (Male) ×4 |
| 3:21 | Crear | Villager (Male) |
| 3:21 | Crear | Villager (Male) |
| 3:21 | Crear | Villager (Male) |
| 3:22 | Crear | Villager (Male) |
| 3:37 | Crear | Fishing Ship |
| 3:38 | Crear | Fishing Ship |
| 3:38 | Crear | Fishing Ship |
| 3:58 | Construir | Palisade Wall |
| 4:02 | Construir | Palisade Wall |
| 4:12 | Construir | Palisade Wall |
| 4:19 | Construir | House |
| 4:42 | Investigar | Loom |
| 4:46 | Crear | Fishing Ship |
| 4:46 | Crear | Fishing Ship |
| 5:13 | Crear | Fishing Ship |
| 5:14 | Crear | Fishing Ship |
| 5:14 | Crear | Fishing Ship |
| 5:44 | Crear | Villager (Male) |
| 5:45 | Crear | Villager (Male) |
| 5:45 | Crear | Villager (Male) |
| 5:53 | Crear | Fishing Ship |
| 5:53 | Crear | Fishing Ship |
| 5:53 | Crear | Fishing Ship |
| 6:18 | Construir | House |
| 6:30 | Construir | House |
| 6:39 | Crear | Fishing Ship |
| 6:48 | Crear | Villager (Male) |
| 6:48 | Crear | Villager (Male) |
| 6:48 | Crear | Villager (Male) |
| 6:48 | Crear | Villager (Male) |
| 6:54 | Construir | House |
| 7:14 | Crear | Fishing Ship |
| 7:26 | Crear | Villager (Male) |
| 7:31 | Crear | Villager (Male) |
| 7:31 | Crear | Villager (Male) |
| 7:32 | Crear | Villager (Male) |
| 7:32 | Crear | Villager (Male) |
| 8:08 | Construir | House |
| 8:15 | Crear | Villager (Male) |
| 8:15 | Crear | Villager (Male) |
| 8:15 | Crear | Villager (Male) |
| 8:15 | Crear | Villager (Male) |
| 8:41 | Crear | Villager (Male) |
| 8:41 | Crear | Villager (Male) |
| 8:42 | Crear | Villager (Male) |
| 8:42 | Crear | Villager (Male) |
| 8:42 | Crear | Villager (Male) |
| 8:46 | Crear | Villager (Male) |
| 8:46 | Crear | Villager (Male) |
| 8:46 | Crear | Villager (Male) |
| 8:46 | Crear | Villager (Male) |
| 8:54 | Crear | Villager (Male) |
| 8:54 | Crear | Villager (Male) |
| 8:54 | Crear | Villager (Male) |
| 8:59 | Crear | Fishing Ship |
| 9:21 | Construir | House |
| 9:24 | Construir | Palisade Wall |
| 10:12 | Construir | House |
| 10:14 | Crear | Villager (Male) |
| 10:16 | Construir | Lumber Camp |
| 10:35 | Investigar | Feudal Age |
| 10:35 | Investigar | Feudal Age |
| 11:05 | Construir | Dock |
| 11:37 | Construir | Mill |
| 11:46 | Crear | Villager (Male) |
| 11:55 | Construir | House |
| 12:11 | Construir | House |
| 12:35 | Construir | House |
| 12:49 | Edad | Edad Feudal |
| 12:54 | Crear | Villager (Male) |
| 13:00 | Crear | Unit 2626 ×2 |
| 13:28 | Construir | House |
| 13:31 | Crear | Villager (Male) |
| 13:31 | Crear | Villager (Male) |
| 13:46 | Construir | Mill |
| 13:50 | Crear | Villager (Male) |
| 13:50 | Crear | Villager (Male) |
| 14:16 | Construir | Market |
| 14:23 | Construir | Palisade Wall |
| 14:52 | Crear | Villager (Male) |
| 15:01 | Construir | Blacksmith |
| 15:18 | Construir | House |
| 15:19 | Construir | House |
| 15:46 | Construir | Palisade Wall |
| 15:47 | Construir | Palisade Wall |
| 15:51 | Crear | Villager (Male) |
| 16:04 | Construir | House |
| 16:21 | Crear | Villager (Male) |
| 17:06 | Investigar | Castle Age |
| 17:06 | Investigar | Castle Age |
| 17:06 | Investigar | Castle Age |
| 17:37 | Construir | Outpost |
| 17:43 | Construir | Mining Camp |
| 17:56 | Construir | Dock |
| 18:11 | Investigar | Stone Mining |
| 18:11 | Investigar | Stone Mining |
| 18:11 | Investigar | Stone Mining |
| 18:58 | Crear | Villager (Male) |
| 19:00 | Crear | Fishing Ship |
| 19:06 | Crear | Fire Galley |
| 19:38 | Construir | Market |
| 19:45 | Construir | House |
| 19:46 | Edad | Edad de los Castillos |
| 19:48 | Construir | Palisade Wall |
| 19:52 | Construir | House |
| 20:08 | Construir | Castle |
| 20:10 | Investigar | Fletching |
| 20:10 | Investigar | Fletching |
| 20:10 | Investigar | Fletching |
| 20:10 | Investigar | Fletching |
| 20:10 | Investigar | Fletching |
| 20:13 | Construir | Stone Wall |
| 20:24 | Investigar | Horse Collar |
| 20:24 | Investigar | Horse Collar |
| 20:34 | Investigar | Town Watch |
| 20:49 | Crear | Fishing Ship |
| 20:56 | Crear | Villager (Male) |
| 21:06 | Crear | Conquistador |
| 21:06 | Crear | Conquistador ×2 |
| 21:06 | Crear | Conquistador ×2 |
| 21:06 | Crear | Conquistador |
| 21:07 | Crear | Conquistador |
| 21:52 | Construir | Dock |
| 21:54 | Crear | Fishing Ship |
| 21:54 | Crear | Fishing Ship |
| 21:56 | Crear | Villager (Male) ×2 |
| 21:56 | Crear | Villager (Male) ×2 |
| 21:57 | Crear | Villager (Male) ×2 |
| 21:57 | Crear | Villager (Male) ×2 |
| 22:17 | Crear | Villager (Male) |
| 22:18 | Crear | Villager (Male) |
| 22:18 | Crear | Villager (Male) |
| 22:40 | Construir | Town Center |
| 22:44 | Crear | Conquistador |
| 22:45 | Crear | Conquistador |
| 22:45 | Crear | Conquistador |
| 22:45 | Crear | Conquistador |
| 22:52 | Construir | House |
| 22:54 | Construir | House |
| 22:57 | Construir | Stone Wall |
| 23:01 | Construir | House |
| 23:09 | Crear | Conquistador |
| 23:09 | Crear | Conquistador |
| 23:09 | Crear | Conquistador |
Build order — xiguagua
Primeras 150 de 309 acciones detectadas
| 0:19 | Construir | Town Center |
| 1:15 | Construir | House |
| 1:54 | Construir | Dock |
| 2:36 | Crear | Villager (Male) ×4 |
| 2:36 | Crear | Villager (Male) ×4 |
| 3:07 | Investigar | Loom |
| 3:12 | Crear | Villager (Male) |
| 3:12 | Crear | Villager (Male) |
| 3:12 | Crear | Villager (Male) |
| 3:37 | Crear | Fishing Ship |
| 3:59 | Construir | Palisade Wall |
| 4:21 | Construir | Palisade Wall |
| 4:50 | Construir | House |
| 4:56 | Crear | Villager (Male) |
| 4:57 | Crear | Villager (Male) |
| 5:17 | Crear | Villager (Male) |
| 5:17 | Crear | Villager (Male) |
| 5:46 | Crear | Villager (Male) |
| 5:48 | Crear | Fishing Ship |
| 6:22 | Construir | House |
| 6:26 | Crear | Villager (Male) |
| 6:27 | Crear | Villager (Male) |
| 6:42 | Crear | Villager (Male) |
| 6:52 | Construir | Outpost |
| 6:56 | Crear | Fishing Ship |
| 7:18 | Crear | Villager (Male) |
| 7:18 | Crear | Villager (Male) |
| 7:33 | Crear | Villager (Male) |
| 7:53 | Construir | Outpost |
| 7:58 | Construir | House |
| 7:59 | Crear | Fishing Ship |
| 8:33 | Crear | Villager (Male) |
| 8:33 | Crear | Villager (Male) |
| 8:39 | Crear | Fishing Ship |
| 8:57 | Crear | Villager (Male) |
| 9:12 | Crear | Villager (Male) |
| 9:15 | Crear | Fishing Ship |
| 9:26 | Crear | Villager (Male) |
| 9:44 | Crear | Villager (Male) |
| 9:47 | Construir | House |
| 9:55 | Crear | Fishing Ship |
| 10:23 | Construir | Palisade Wall |
| 10:29 | Construir | Mill |
| 11:28 | Investigar | Feudal Age |
| 11:28 | Investigar | Feudal Age |
| 11:48 | Construir | House |
| 11:53 | Construir | Mining Camp |
| 12:35 | Crear | Villager (Male) |
| 13:08 | Construir | Outpost |
| 13:38 | Edad | Edad Feudal |
| 13:49 | Crear | Villager (Male) |
| 13:53 | Construir | Barracks |
| 14:14 | Crear | Villager (Male) |
| 14:23 | Crear | Fire Galley |
| 14:38 | Crear | Villager (Male) |
| 14:40 | Construir | Lumber Camp |
| 15:08 | Construir | Watch Tower |
| 15:11 | Construir | Archery Range |
| 15:15 | Construir | Palisade Wall |
| 15:39 | Construir | Palisade Wall |
| 15:40 | Construir | Palisade Wall |
| 15:42 | Construir | Palisade Wall |
| 15:45 | Construir | Palisade Wall |
| 15:47 | Construir | Palisade Wall |
| 15:48 | Crear | Villager (Male) |
| 16:00 | Crear | Fire Galley |
| 16:25 | Construir | Farm |
| 16:25 | Construir | Farm |
| 16:27 | Investigar | Horse Collar |
| 16:27 | Investigar | Double-Bit Axe |
| 16:28 | Investigar | Double-Bit Axe |
| 16:33 | Crear | Archer |
| 16:33 | Crear | Archer |
| 17:14 | Crear | Villager (Male) |
| 17:17 | Construir | Farm |
| 17:22 | Construir | Watch Tower |
| 17:25 | Construir | House |
| 17:27 | Crear | Archer |
| 17:28 | Crear | Archer |
| 17:35 | Construir | House |
| 17:36 | Construir | House |
| 17:42 | Construir | House |
| 18:01 | Construir | Watch Tower |
| 19:05 | Crear | Villager (Male) |
| 19:10 | Construir | Watch Tower |
| 19:15 | Crear | Villager (Male) |
| 19:43 | Construir | Mining Camp |
| 19:46 | Crear | Villager (Male) |
| 19:48 | Crear | Archer |
| 19:49 | Crear | Archer |
| 19:58 | Construir | House |
| 20:23 | Crear | Archer |
| 20:27 | Construir | Palisade Gate |
| 20:32 | Construir | Palisade Gate |
| 20:43 | Construir | Palisade Wall |
| 20:44 | Construir | Palisade Wall |
| 20:50 | Construir | Farm |
| 20:57 | Construir | Palisade Wall |
| 21:07 | Construir | Farm |
| 21:10 | Crear | Archer |
| 21:26 | Crear | Villager (Male) |
| 21:31 | Construir | Farm |
| 21:32 | Construir | Farm |
| 21:43 | Crear | Fire Galley |
| 21:43 | Crear | Fire Galley |
| 21:52 | Construir | Palisade Wall |
| 22:08 | Crear | Villager (Male) |
| 22:15 | Construir | Watch Tower |
| 22:18 | Crear | Villager (Male) |
| 22:27 | Construir | Farm |
| 22:33 | Crear | Villager (Male) |
| 22:57 | Crear | Villager (Male) |
| 22:59 | Crear | Archer |
| 23:44 | Crear | Villager (Male) |
| 23:57 | Construir | Lumber Camp |
| 24:24 | Crear | Villager (Male) |
| 24:24 | Crear | Villager (Male) |
| 25:10 | Construir | Watch Tower |
| 25:17 | Crear | Villager (Male) |
| 25:43 | Crear | Villager (Male) |
| 26:15 | Construir | Blacksmith |
| 26:17 | Crear | Villager (Male) |
| 26:23 | Construir | Stone Wall |
| 26:24 | Construir | Stone Wall |
| 26:25 | Construir | Stone Wall |
| 26:26 | Construir | Stone Wall |
| 26:27 | Construir | Stone Wall |
| 26:38 | Crear | Fire Galley |
| 26:39 | Crear | Fire Galley |
| 26:58 | Crear | Archer |
| 26:58 | Crear | Archer |
| 27:08 | Construir | House |
| 27:22 | Crear | Archer |
| 27:38 | Investigar | Fletching |
| 27:58 | Crear | Villager (Male) |
| 28:01 | Construir | Farm |
| 28:22 | Construir | Stone Wall |
| 28:59 | Construir | House |
| 29:09 | Crear | Villager (Male) |
| 29:22 | Construir | Market |
| 29:27 | Construir | House |
| 29:28 | Construir | House |
| 29:41 | Construir | Gate |
| 29:41 | Construir | Stone Wall |
| 29:42 | Construir | Stone Wall |
| 29:44 | Construir | Stone Wall |
| 29:47 | Crear | Villager (Male) |
| 30:08 | Construir | Farm |
| 30:29 | Crear | Archer |
| 30:30 | Crear | Archer |
Cronología de la partida
| 0:53 | Amaru.Pe · first_building Dock |
| 1:07 | OM | SISKO PRO · first_building Dock |
| 1:13 | sin · first_building Dock |
| 1:27 | xXbananamanXx · first_building Dock |
| 1:47 | LowEloFY · first_building Dock |
| 1:54 | xiguagua · first_building Dock |
| 3:28 | pachecristo · first_building Dock |
| 3:43 | hurm0k [PT] · first_building Dock |
| 3:58 | Amaru.Pe · wall_segment Palisade Wall x1 |
| 3:59 | xiguagua · wall_segment Palisade Wall x1 |
| 4:02 | Amaru.Pe · wall_segment Palisade Wall x1 |
| 4:12 | Amaru.Pe · wall_segment Palisade Wall x1 |
| 4:21 | xiguagua · wall_segment Palisade Wall x1 |
| 8:02 | OM | SISKO PRO · first_building Barracks |
| 8:52 | OM | SISKO PRO · wall_segment Palisade Wall x1 |
| 9:24 | Amaru.Pe · wall_segment Palisade Wall x1 |
| 10:23 | xiguagua · wall_segment Palisade Wall x1 |
| 12:49 | Amaru.Pe · age_up feudal |
| 12:58 | sin · age_up feudal |
| 13:08 | LowEloFY · age_up feudal |
| 13:08 | pachecristo · age_up feudal |
| 13:11 | hurm0k [PT] · age_up feudal |
| 13:38 | xiguagua · age_up feudal |
| 13:39 | LowEloFY · wall_segment Palisade Wall x1 |
| 13:53 | xiguagua · first_building Barracks |
| 14:03 | xXbananamanXx · age_up feudal |
| 14:23 | Amaru.Pe · wall_segment Palisade Wall x1 |
| 14:45 | LowEloFY · first_market_sell 100 wood |
| 15:11 | xiguagua · first_building Archery Range |
| 15:15 | xiguagua · wall_segment Palisade Wall x1 |
| 15:39 | xiguagua · wall_segment Palisade Wall x1 |
| 15:40 | LowEloFY · wall_segment Palisade Wall x1 |
| 15:40 | xiguagua · wall_segment Palisade Wall x1 |
| 15:42 | xiguagua · wall_segment Palisade Wall x1 |
| 15:45 | xiguagua · wall_segment Palisade Wall x1 |
| 15:46 | Amaru.Pe · wall_segment Palisade Wall x1 |
| 15:47 | LowEloFY · wall_segment Palisade Wall x5 |
| 15:47 | xiguagua · wall_segment Palisade Wall x1 |
| 15:47 | Amaru.Pe · wall_segment Palisade Wall x1 |
| 15:52 | LowEloFY · wall_segment Palisade Wall x1 |
| 15:52 | xXbananamanXx · first_market_sell 100 food |
| 15:58 | LowEloFY · wall_segment Palisade Wall x1 |
| 16:08 | Amaru.Pe · first_market_sell 100 stone |
| 16:27 | pachecristo · first_building Barracks |
| 16:41 | hurm0k [PT] · wall_segment Palisade Wall x1 |
| 17:25 | pachecristo · first_building Stable |
| 17:27 | LowEloFY · age_up castle |
| 17:36 | OM | SISKO PRO · age_up feudal |
| 17:36 | LowEloFY · first_building Castle |
| 18:18 | pachecristo · age_up castle |
| 18:35 | hurm0k [PT] · first_market_sell 100 food |
| 18:36 | xXbananamanXx · age_up castle |
| 18:37 | hurm0k [PT] · first_market_buy 100 stone |
| 19:07 | hurm0k [PT] · age_up castle |
| 19:14 | hurm0k [PT] · first_building Castle |
| 19:18 | sin · wall_segment Palisade Wall x2 |
| 19:28 | sin · wall_segment Palisade Wall x4 |
| 19:43 | xXbananamanXx · first_building Castle |
| 19:46 | Amaru.Pe · age_up castle |
| 19:48 | Amaru.Pe · wall_segment Palisade Wall x1 |
| 19:55 | LowEloFY · first_market_buy 100 wood |
| 20:01 | Amaru.Pe · first_market_buy 100 stone |
| 20:02 | sin · age_up castle |
| 20:08 | Amaru.Pe · first_building Castle |
| 20:13 | Amaru.Pe · wall_segment Stone Wall x1 |
| 20:43 | xiguagua · wall_segment Palisade Wall x1 |
| 20:44 | xiguagua · wall_segment Palisade Wall x1 |
| 20:57 | xiguagua · wall_segment Palisade Wall x1 |
| 21:16 | sin · first_building Castle |
| 21:30 | sin · first_building Barracks |
| 21:52 | xiguagua · wall_segment Palisade Wall x1 |
| 22:00 | OM | SISKO PRO · wall_segment Stone Wall x1 |
| 22:57 | Amaru.Pe · wall_segment Stone Wall x1 |
| 23:16 | hurm0k [PT] · first_building Siege Workshop |
| 23:39 | LowEloFY · first_building Siege Workshop |
| 23:51 | sin · first_building Siege Workshop |
| 24:19 | Amaru.Pe · first_building Siege Workshop |
| 24:47 | sin · first_market_sell 100 stone |
| 24:48 | xXbananamanXx · first_building Siege Workshop |
| 24:53 | hurm0k [PT] · wall_segment Stone Wall x14 |
| 25:28 | hurm0k [PT] · wall_segment Stone Wall x6 |
| 25:46 | pachecristo · first_building Siege Workshop |
| 26:23 | xiguagua · wall_segment Stone Wall x1 |
| 26:24 | xiguagua · wall_segment Stone Wall x1 |
| 26:25 | xiguagua · wall_segment Stone Wall x1 |
| 26:26 | xiguagua · wall_segment Stone Wall x1 |
| 26:27 | xiguagua · wall_segment Stone Wall x1 |
| 27:09 | Amaru.Pe · first_building Monastery |
| 27:12 | hurm0k [PT] · wall_segment Stone Wall x8 |
| 27:16 | hurm0k [PT] · wall_segment Stone Wall x12 |
| 27:35 | LowEloFY · wall_segment Stone Wall x8 |
| 27:40 | hurm0k [PT] · wall_segment Stone Wall x1 |
| 27:53 | pachecristo · wall_segment Palisade Wall x1 |
| 27:55 | pachecristo · wall_segment Palisade Wall x1 |
| 27:59 | pachecristo · wall_segment Palisade Wall x1 |
| 28:17 | OM | SISKO PRO · first_market_buy 100 food |
| 28:22 | pachecristo · first_building Archery Range |
| 28:22 | xiguagua · wall_segment Stone Wall x1 |
| 28:48 | Amaru.Pe · first_building Barracks |
| 28:57 | pachecristo · first_building Castle |
| 29:41 | xiguagua · wall_segment Stone Wall x1 |
| 29:42 | xiguagua · wall_segment Stone Wall x1 |
| 29:44 | xiguagua · wall_segment Stone Wall x7 |
| 30:27 | hurm0k [PT] · wall_segment Stone Wall x1 |
| 30:42 | xXbananamanXx · first_building Barracks |
| 30:49 | OM | SISKO PRO · first_building Archery Range |
| 31:03 | OM | SISKO PRO · age_up castle |
| 31:06 | OM | SISKO PRO · wall_segment Stone Wall x14 |
| 31:16 | Amaru.Pe · first_building Stable |
| 32:04 | pachecristo · wall_segment Palisade Wall x1 |
| 32:06 | pachecristo · wall_segment Palisade Wall x1 |
| 33:24 | xXbananamanXx · first_building Stable |
| 34:40 | xXbananamanXx · age_up imperial |
| 35:25 | pachecristo · first_market_buy 500 stone |
| 36:06 | OM | SISKO PRO · wall_segment Stone Wall x8 |
| 36:11 | OM | SISKO PRO · wall_segment Stone Wall x9 |
| 37:49 | OM | SISKO PRO · first_market_sell 100 food |
| 38:34 | OM | SISKO PRO · first_building Monastery |
| 39:03 | LowEloFY · first_building Barracks |
| 39:34 | hurm0k [PT] · wall_segment Stone Wall x13 |
| 39:57 | pachecristo · age_up imperial |
| 40:18 | pachecristo · first_market_sell 100 stone |
| 40:20 | LowEloFY · age_up imperial |
| 41:23 | hurm0k [PT] · age_up imperial |
| 42:12 | OM | SISKO PRO · first_building Siege Workshop |
| 42:33 | OM | SISKO PRO · age_up imperial |
| 42:50 | sin · first_building Stable |
| 44:04 | sin · age_up imperial |
| 44:07 | hurm0k [PT] · wall_segment Stone Wall x6 |
| 44:09 | hurm0k [PT] · wall_segment Stone Wall x6 |
| 46:07 | Amaru.Pe · age_up imperial |
| 46:26 | pachecristo · first_building Monastery |
| 48:38 | hurm0k [PT] · tribute_sent a jugador 1 |
| 48:38 | hurm0k [PT] · tribute_sent a jugador 2 |
| 48:38 | hurm0k [PT] · tribute_sent a jugador 3 |
| 48:38 | hurm0k [PT] · tribute_sent a jugador 5 |
| 48:38 | hurm0k [PT] · tribute_sent a jugador 6 |
| 48:38 | hurm0k [PT] · tribute_sent a jugador 7 |
| 48:38 | hurm0k [PT] · tribute_sent a jugador 8 |
| 48:40 | xXbananamanXx · tribute_sent a jugador 1 |
| 48:40 | xXbananamanXx · tribute_sent a jugador 2 |
| 48:40 | xXbananamanXx · tribute_sent a jugador 3 |
| 48:40 | xXbananamanXx · tribute_sent a jugador 4 |
| 48:40 | xXbananamanXx · tribute_sent a jugador 5 |
| 48:40 | xXbananamanXx · tribute_sent a jugador 7 |
| 48:40 | xXbananamanXx · tribute_sent a jugador 8 |
| 49:56 | LowEloFY · first_building Archery Range |
| 49:58 | OM | SISKO PRO · first_building Castle |
| 51:46 | xiguagua · age_up castle |
| 54:16 | LowEloFY · tribute_sent a jugador 1 |
| 54:16 | LowEloFY · tribute_sent a jugador 2 |
| 54:16 | LowEloFY · tribute_sent a jugador 3 |
| 54:16 | LowEloFY · tribute_sent a jugador 4 |
| 54:16 | LowEloFY · tribute_sent a jugador 6 |
| 54:16 | LowEloFY · tribute_sent a jugador 7 |
| 54:16 | LowEloFY · tribute_sent a jugador 8 |
| 54:40 | xiguagua · first_building Monastery |
| 58:13 | hurm0k [PT] · first_building Barracks |
| 59:02 | xiguagua · tribute_sent a jugador 1 |
| 59:02 | xiguagua · tribute_sent a jugador 2 |
| 59:02 | xiguagua · tribute_sent a jugador 3 |
| 59:02 | xiguagua · tribute_sent a jugador 4 |
| 59:02 | xiguagua · tribute_sent a jugador 5 |
| 59:02 | xiguagua · tribute_sent a jugador 6 |
| 59:02 | xiguagua · tribute_sent a jugador 7 |
| 59:14 | xXbananamanXx · tribute_sent a jugador 1 |
| 59:14 | xXbananamanXx · tribute_sent a jugador 2 |
| 59:14 | xXbananamanXx · tribute_sent a jugador 3 |
| 59:14 | xXbananamanXx · tribute_sent a jugador 4 |
| 59:14 | xXbananamanXx · tribute_sent a jugador 5 |
| 59:14 | xXbananamanXx · tribute_sent a jugador 7 |
| 59:14 | xXbananamanXx · tribute_sent a jugador 8 |
| 61:09 | LowEloFY · tribute_sent a jugador 1 |
| 61:09 | LowEloFY · tribute_sent a jugador 2 |
| 61:09 | LowEloFY · tribute_sent a jugador 3 |
| 61:09 | LowEloFY · tribute_sent a jugador 4 |
| 61:09 | LowEloFY · tribute_sent a jugador 6 |
| 61:09 | LowEloFY · tribute_sent a jugador 7 |
| 61:09 | LowEloFY · tribute_sent a jugador 8 |
| 63:17 | sin · first_building Monastery |
| 65:26 | LowEloFY · first_building Stable |
| 66:22 | OM | SISKO PRO · resign |
[ ANÁLISIS IA · 1 CRÉDITO ]
¿Qué pasó realmente en esta partida?
Wolo.gg analiza cada decisión: build order, eco, micro, errores típicos por bracket. Análisis personalizado por WhatsApp o Discord en 30 segundos.
Guía civ
Bengalíes
Perfil
Jugador #9316213